 Dungeon Crawl Stone Soup version 0.21.1 (webtiles) character file.

411 shakethe the Cudgeler (level 6, -4/49 HPs)
             Began as a Demonspawn Abyssal Knight on Feb 3, 2018.
             Was a Believer of Lugonu.
             Killed by divine providence
             ... invoked by an orc priest
              (12 damage)
             ... on level 4 of the Dungeon.
             The game lasted 00:28:33 (5662 turns).

shakethe the Cudgeler (Demonspawn Abyssal Knight)   Turns: 5662, Time: 00:28:34

Health: -4/49      AC:  8    Str: 15    XL:     6   Next: 58%
Magic:  9/9        EV:  9    Int: 13    God:    Lugonu [**....]
Gold:   281        SH:  0    Dex: 12    Spells: 5/5 levels left

rFire    . . .     SeeInvis .   a - +2 mace
rCold    . . .     Gourm    .   (no shield)
rNeg     . . .     Faith    .   X - +0 scale mail
rPois    .         Spirit   .   (helmet restricted)
rElec    .         Reflect  .   (no cloak)
rCorr    .         Harm     .   (no gloves)
MR       .....                  (no boots)
Stlth    ..........             (no amulet)
HPRegen  0.16/turn              (no ring)
MPRegen  0.11/turn              (no ring)

@: no status effects
A: antennae 1, iridescent scales 1, powered by death 2, spiny 1
a: Depart the Abyss, Bend Space, Renounce Religion


You were on level 4 of the Dungeon.
You worshipped Lugonu.
Lugonu was pleased with you.
You were not hungry.

You visited 1 branch of the dungeon, and saw 4 of its levels.
You visited the Abyss 1 time.

You collected 281 gold pieces.

Inventory:

Hand Weapons
 a - a +2 mace (weapon)
 e - a +0 short sword
 u - a +0 spear of piercing
 x - a +4 dagger
 z - a +0 hunting sling
 D - a +0 falchion
 P - a +0 spear
 U - a +0 hand axe
 Y - a +0 trident
Missiles
 p - 120 arrows
 B - 3 stones (quivered)
 I - 25 sling bullets
 V - 4 tomahawks
Armour
 b - a +1 leather armour
 t - a +0 centaur barding
 C - a +0 ring mail
 N - a cursed +0 helmet
 X - a +0 scale mail (worn)
Scrolls
 n - a scroll of immolation
 q - a scroll of enchant armour
 E - 2 scrolls of identify
 H - a scroll of amnesia
 Q - 3 scrolls of teleportation
 Z - a scroll of blinking
Potions
 d - a potion of might
 f - a potion of degeneration
Comestibles
 c - 12 rations
 g - 3 chunks of flesh


   Skills:
 + Level 4.5 Fighting
 * Level 5.1 Maces & Flails
 - Level 1.7 Armour
 - Level 0.8 Dodging
 * Level 4.1 Invocations


You had 5 spell levels left.
You didn't know any spells.

Dungeon Overview and Level Annotations

Branches:
Dungeon (4/15)
 Temple: D:4-7

Altars:
Cheibriados
Uskayaw
Vehumet
Xom
The Shining One


Innate Abilities, Weirdness & Mutations

You have a pair of small antennae on your head.
You are partially covered in iridescent scales. (AC +2)
You regenerate health from kills.
You are partially covered in sharp spines.


Message History

You feel better.
The orc priest begins to cast a cantrip, but forgets the words!
The orc priest miscasts a cantrip.
The orc priest mumbles some strange prayers to Beogh against you.
Beogh smites you!
* * * LOW HITPOINT WARNING * * *
You closely miss the orc.
The orc is heavily wounded.
The orc is struck by your spines. The orc hits you with a flail.
* * * LOW HITPOINT WARNING * * *
You feel better.
The orc priest casts a cantrip, but nothing happens.
The orc priest begins to cast a cantrip, but forgets the words!
The orc hits you with a flail.
* * * LOW HITPOINT WARNING * * *
The orc priest calls upon Beogh to heal the orc.
The orc's wounds heal themselves!
The orc priest calls down the wrath of Beogh upon you.
Beogh smites you!
You die...

##..###...####...#....#
'...#.......#....#....#
#...#.......'....#....#
#...'.......#....'....#
######......###+###...#
.....#......##...##...#
.....#................# ###
.....#................# #..
.....#.........o@...>.# ≈P.P.#..
.....#................#P≈P≈≈≈.#..
.....#....oo##........#P≈≈ ♣≈P...
.....#......##........#P♣♣ ♣P≈.P.
###+##.................≈≈♣


♣PPP. #...........#######....≈≈♣ ♣♣≈... #...........##...##...P≈P♣♣♣PPP..
............#.......P≈≈≈♣P♣≈≈... ............+........#.≈≈≈≈PP..^ You could see
2 orc priests and an orc.

Vanquished Creatures
  Menkaure (D:4)
  A phantom (D:3)
  An iguana (D:4)
  Jessica (D:3)
  8 adders
  3 worms
  4 dart slugs
  5 leopard geckos
  5 orcs
  A ball python (D:2)
  3 giant cockroaches
  2 hobgoblins (D:2)
  3 jackals (D:3)
  2 quokkas (D:2)
  6 bats
  6 frilled lizards
  5 goblins
  9 kobolds
  6 rats
72 creatures vanquished.

Notes
Turn   | Place    | Note
-------+----------+-------------------------------------------
     0 | Abyss:1  | shakethe the Demonspawn Abyssal Knight began the quest for the Orb.
     0 | Abyss:1  | Reached XP level 1. HP: 18/18 MP: 2/2
    16 | D:1      | Escaped the Abyss
   187 | D:1      | Reached skill level 2 in Maces & Flails
   203 | D:1      | Reached * piety under Lugonu
   203 | D:1      | Gained mutation: You are partially covered in sharp spines. [demonic ancestry]
   203 | D:1      | Reached XP level 2. HP: 24/24 MP: 4/4
  1354 | D:2      | Gained mutation: You regenerate a little health from kills. [demonic ancestry]
  1354 | D:2      | Reached XP level 3. HP: 24/29 MP: 5/5
  2631 | D:2      | Gained mutation: You have a pair of small antennae on your head. [demonic ancestry]
  2631 | D:2      | Reached XP level 4. HP: 36/37 MP: 6/6
  2738 | D:2      | Reached skill level 3 in Maces & Flails
  3310 | D:2      | Found a radiant altar of Vehumet.
  3310 | D:2      | Found a snail-covered altar of Cheibriados.
  3319 | D:2      | Found a glowing golden altar of the Shining One.
  3322 | D:2      | Found a hide-covered altar of Uskayaw.
  3324 | D:2      | Found a shimmering altar of Xom.
  3787 | D:3      | Noticed a phantom
  3823 | D:3      | Killed a phantom
  3823 | D:3      | Gained mutation: You are partially covered in iridescent scales. (AC +2) [demonic ancestry]
  3823 | D:3      | Reached XP level 5. HP: 14/42 MP: 7/7
  4019 | D:3      | Reached skill level 4 in Maces & Flails
  4283 | D:3      | Noticed Jessica
  4297 | D:3      | Killed Jessica
  5214 | D:4      | Noticed Menkaure
  5231 | D:4      | Killed Menkaure
  5231 | D:4      | Gained mutation: You regenerate health from kills. [demonic ancestry]
  5231 | D:4      | Reached XP level 6. HP: 46/49 MP: 7/9
  5506 | D:4      | Reached skill level 5 in Maces & Flails
  5519 | D:4      | Reached ** piety under Lugonu
  5662 | D:4      | Killed from afar by an orc priest

Skill      XL: |  1  2  3  4  5  6 |
---------------+-------------------+-----
Maces & Flails | 2 3 4 5 |  5.1
Invocations    | 3 4 |  4.1
Fighting       | 4 |  4.5
Armour         | |  1.7
Dodging        | |  0.8

Action                   |  1- 3 |  4- 6 || total
-------------------------+-------+-------++-------
Melee: Mace              |    59 |    95 ||   154
Invok: Depart the Abyss  |     1 |       ||     1
       Bend Space        |       |     1 ||     1
  Use: Scroll            |     3 |     6 ||     9
       Potion            |     3 |     4 ||     7
  Eat: Chunk             |     5 |     6 ||    11
       Ration            |       |     1 ||     1
Armor: Leather armour    |    26 |     6 ||    32
       Ring mail         |       |    15 ||    15
       Scale mail        |       |     8 ||     8
Dodge: Dodged            |    53 |    52 ||   105
